 Dungeon Crawl Stone Soup version 0.31.0-11-ge490571c62 (webtiles) character file.

Game seed: 5514442260796176736

1883 qw the Nimble (level 8, -1/40 HPs)
             Began as a Spriggan Hunter on Feb 4, 2024.
             Was an Initiate of Okawaru.
             Slain by a wight
             ... wielding a +2 halberd
              (10 damage)
             ... on level 6 of the Dungeon.
             The game lasted 00:00:22 (4145 turns).

qw the Nimble (Spriggan Hunter)                     Turns: 4145, Time: 00:00:23

Health: -1/40      AC:  5    Str:  7    XL:     8   Next: 92%
Magic:  9/9        EV: 29    Int: 10    God:    Okawaru [......]
Gold:   253        SH:  0    Dex: 27    Spells: 7/7 levels left

rFire   . . .        i - -2 hand cannon
rCold   . . .        (no shield)
rNeg    + . .        c - +0 robe
rPois   .            (helmet restricted)
rElec   .            e - +2 cloak
rCorr   .            (gloves unavailable)
SInv    +            (boots unavailable)
Will    +....        f - amulet of the acrobat
Stlth   +++          l - ring of positive energy
HPRegen 0.26/turn    d - +6 ring of dexterity
MPRegen 0.11/turn

%: acrobat
@: very quick
A: very small, no large weapons, unfitting armour, see invisible, speed 3
a: Renounce Religion


You were on level 6 of the Dungeon.
You worshipped Okawaru.
Okawaru was noncommittal.
You visited 1 branch of the dungeon, and saw 6 of its levels.

You collected 254 gold pieces.
You spent 1 gold pieces at shops.


Innate Abilities, Weirdness & Mutations

You are very small and have problems with some larger weapons.
You are too small for most types of armour.
You have supernaturally acute eyesight. (SInv)
You cover ground extremely quickly. (Speed+++)


   Skills:
 - Level 3.2 Fighting
 - Level 9.0 Ranged Weapons
 + Level 10.3 Dodging
 - Level 1.5 Stealth


You had 7 spell levels left.
You didn't know any spells.
Your spell library was empty.

Inventory:

Hand Weapons
 i - a -2 hand cannon (weapon)
Armour
 c - a +0 robe (worn)
 e - a +2 cloak (worn)
Jewellery
 d - a +6 ring of dexterity (right hand)
 f - an amulet of the acrobat (around neck)
 l - a ring of positive energy (left hand)
Wands
 o - a wand of charming (9)
Scrolls
 h - 2 scrolls of teleportation
Potions
 a - a potion of haste {unknown}
 b - 5 potions of curing
 g - a potion of might
 j - 2 potions of mutation
 k - a potion of cancellation
 m - a potion of enlightenment {unknown}

Dungeon Overview and Level Annotations

Branches:
Dungeon (6/15)
 Temple: D:4-7

Altars:
Elyvilon
Fedhas
Makhleb
Okawaru
Sif Muna
Vehumet

Shops:
D:5 *

Annotations:
D:6 Eustachio


Message History

4139 ||| RETREEEEATING.
Enter note:
4140 ||| RETREEEEATING.
Eustachio gestures wildly while chanting.
Enter note:
4141 ||| RETREEEEATING.
The scorpion stings you.
Eustachio mumbles some strange words.
Eustachio blinks!
Enter note:
4142 ||| RETREEEEATING.
The scorpion completely misses you.
The white imp shouts, "Begone, thou beslubbering folly-fallen quarter-pint!"
The white imp completely misses you.
You shoot a bolt. The bolt hits the scorpion!!
You kill the scorpion!
Okawaru accepts your kill. The wight closely misses you.
The white imp laughs crazily.
The white imp barely misses you. The wight closely misses you.
The wight completely misses you.
You shoot a bolt. The bolt closely misses the white imp.
The bolt completely misses the ice beast.
The white imp gestures at you. The puff of frost misses you.
The white imp gestures at you. The puff of frost misses you.
The wight completely misses you. The wight barely misses you.
The white imp shouts, "Embrace submission, thou feeble flat-headed weakling!"
The white imp completely misses you.
You shoot a bolt. The bolt hits the white imp!
The white imp is severely wounded.
The white imp misses you. The wight barely misses you.
The wight hits you from afar with a +3 halberd!
The white imp gestures at you. The puff of frost hits you.
The white imp picks up a beetle and eats it.
The white imp completely misses you.
The wight hits you from afar with a +2 halberd!
You die...

+....##..##..#z...#
#....##..##.r#z...#
#.........#h.b....#
#.........#..#....#
####........##..#
...#
............##..#
..#
.........@rzYz..#
.#
..##.>..##55##z.# #
..##....##@.##'##
.........#r.##..#
.........#..z...#
......[..#......#
..####..######..#
.. ##..##..##..#
#.........^.#
#...........#
##.###..##..######


You could see Eustachio, an ice beast, 3 wights, a river rat (summoned), 2 white
imps and a quokka (summoned).

Vanquished Creatures
  A gargoyle (D:5)
  An unseen horror (D:5)
  Prince Ribbit (D:5)
  A water moccasin (D:5)
  2 ice beasts (D:5)
  A black bear (D:4)
  A bullfrog (D:4)
  2 scorpions
  2 howler monkeys
  5 hounds
  2 orc priests
  A sleepcap (D:5)
  3 iguanas
  An orc wizard (D:6)
  3 gnolls (D:2)
  7 adders
  A white imp (D:6)
  2 ufetubi (D:5)
  A ribbon worm (D:2)
  2 dart slugs
  21 orcs
  7 endoplasms
  2 giant cockroaches (D:1)
  6 hobgoblins
  2 jackals (D:2)
  4 quokkas
  10 ball pythons
  7 bats
  4 frilled lizards
  6 goblins
  8 kobolds
  3 rats
120 creatures vanquished.

Notes
Turn   | Place    | Note
-------+----------+-------------------------------------------
     0 | D:1      | qw the Spriggan Hunter began the quest for the Orb.
     0 | D:1      | Reached XP level 1. HP: 10/10 MP: 2/2
     0 | D:1      | 0 ||| qw: Version: 0.3-a-160-g6735b56
     0 | D:1      | 0 ||| qw: Game counter: 5830
     0 | D:1      | 0 ||| qw: Melee chars always use a shield: true
     0 | D:1      | 0 ||| qw: God list: Okawaru
     0 | D:1      | 0 ||| qw: Allow faded altars: false
     0 | D:1      | 0 ||| qw: Do Orc after clearing Dungeon:15 true
     0 | D:1      | 0 ||| qw: Do second Lair branch before Depths: true
     0 | D:1      | 0 ||| qw: Lair rune preference: random
     0 | D:1      | 0 ||| qw: Goals: Normal
     0 | D:1      | 0 ||| PLANNING D:1-11
    39 | D:1      | Reached skill level 3 in Dodging
   118 | D:1      | Reached XP level 2. HP: 14/14 MP: 3/3
   134 | D:1      | 134 ||| RETREEEEATING.
   136 | D:1      | 136 ||| RETREEEEATING.
   145 | D:1      | Reached skill level 4 in Dodging
   570 | D:1      | 570 ||| DROPPING ring of flight.
   571 | D:1      | 571 ||| DROPPING ring of magical power.
   572 | D:1      | 572 ||| READING 2 scrolls labelled RUITEE TAMOIF.
   575 | D:1      | 575 ||| READING scroll labelled BEICUU KERU.
   575 | D:1      | 575 ||| ENCHANTING +0 shortbow.
   576 | D:1      | 576 ||| DROPPING scroll of butterflies.
   698 | D:2      | 698 ||| RETREEEEATING.
   703 | D:2      | Reached XP level 3. HP: 18/18 MP: 4/4
   703 | D:2      | HP: 4/18 [gnoll/+0 halberd (14)]
   704 | D:2      | 704 ||| READING scroll of teleportation.
   754 | D:2      | 754 ||| FLEEEEING.
   755 | D:2      | 755 ||| FLEEEEING.
   834 | D:2      | 834 ||| READING scroll of enchant weapon.
   834 | D:2      | 834 ||| ENCHANTING +1 shortbow.
   923 | D:2      | Reached XP level 4. HP: 22/22 MP: 5/5
  1311 | D:2      | 1311 ||| UPGRADING to +2 cloak.
  1316 | D:2      | 1316 ||| READING scroll labelled GIAFESUOWY.
  1317 | D:2      | 1317 ||| READING scroll labelled WIVEENTEOG.
  1318 | D:2      | 1318 ||| READING scroll labelled FIOGAU XOIKEFF.
  1318 | D:2      | 1318 ||| IDENTIFYING silvery potion
  1319 | D:2      | 1319 ||| READING scroll labelled RAN OWEXZE.
  1320 | D:2      | 1320 ||| READING scroll labelled TAMUMU MAMI.
  1321 | D:2      | 1321 ||| DRINKING 5 brown potions.
  1322 | D:2      | 1322 ||| DRINKING 2 black potions.
  1323 | D:2      | 1323 ||| DROPPING potion of invisibility.
  1325 | D:2      | 1325 ||| Stepping ~*~*~tactically~*~*~ (cloud).
  1334 | D:2      | HP: 5/22 [poisoned by you (poison gas)]
  1474 | D:3      | 1474 ||| READING scroll of enchant weapon.
  1474 | D:3      | 1474 ||| ENCHANTING +2 shortbow.
  1574 | D:3      | Found a shimmering blue altar of Sif Muna.
  1658 | D:3      | Reached skill level 5 in Dodging
  1727 | D:3      | Found a faded altar of an unknown god.
  1872 | D:3      | Found a burning altar of Makhleb.
  1994 | D:3      | Found a blossoming altar of Fedhas.
  2001 | D:3      | Found a radiant altar of Vehumet.
  2004 | D:3      | Found a white marble altar of Elyvilon.
  2008 | D:3      | 2008 ||| UPGRADING to amulet of the acrobat.
  2013 | D:3      | 2013 ||| UPGRADING to ring of positive energy.
  2014 | D:3      | 2014 ||| READING 2 scrolls of identify.
  2014 | D:3      | 2014 ||| IDENTIFYING golden potion
  2015 | D:3      | 2015 ||| READING scroll of identify.
  2015 | D:3      | 2015 ||| IDENTIFYING blue potion
  2016 | D:3      | 2016 ||| READING scroll labelled JUNGARPH ROKA.
  2017 | D:3      | 2017 ||| DROPPING potion of attraction.
  2133 | D:4      | Reached XP level 5. HP: 26/26 MP: 6/6
  2151 | D:4      | Noticed a black bear
  2152 | D:4      | 2152 ||| ZAPPING wand of quicksilver (10) at -1,-6 (black
                  | bear; floor).
  2153 | D:4      | 2153 ||| ZAPPING wand of quicksilver (9) at 0,-5 (black
                  | bear; floor).
  2154 | D:4      | 2154 ||| ZAPPING wand of quicksilver (8) at 0,-4 (black
                  | bear; floor).
  2154 | D:4      | Killed a black bear
  2155 | D:4      | Reached skill level 6 in Ranged Weapons
  2222 | D:4      | Reached XP level 6. HP: 30/30 MP: 7/7
  2505 | D:4      | Reached skill level 6 in Dodging
  2668 | D:4      | 2668 ||| READING scroll of identify.
  2668 | D:4      | 2668 ||| IDENTIFYING viscous pink potion
  2669 | D:4      | 2669 ||| READING scroll labelled HUAFRA AGYAKH.
  2670 | D:4      | 2670 ||| READING scroll labelled GORULLY DEATOG.
  2691 | D:5      | Entered Level 5 of the Dungeon
  2757 | D:5      | Noticed an ice beast
  2758 | D:5      | 2758 ||| ZAPPING wand of quicksilver (7) at -2,1 (ice
                  | beast; floor).
  2759 | D:5      | 2759 ||| ZAPPING wand of quicksilver (6) at -1,0 (ice
                  | beast; floor).
  2760 | D:5      | 2760 ||| ZAPPING wand of quicksilver (5) at -1,0 (ice
                  | beast; floor).
  2760 | D:5      | Killed an ice beast
  2761 | D:5      | Reached XP level 7. HP: 35/35 MP: 8/8
  2797 | D:5      | Reached skill level 7 in Dodging
  2842 | D:5      | Found Akajuad's Lightly-Used Armoury.
  2850 | D:5      | 2850 ||| BUYING -2 hand cannon (1 gold).
  2850 | D:5      | Bought a -2 hand cannon for 1 gold piece
  2850 | D:5      | 2850 ||| SWAPPING to -2 hand cannon.
  2851 | D:5      | 2851 ||| DROPPING +3 shortbow.
  3128 | D:5      | 3128 ||| FLEEEEING.
  3129 | D:5      | 3129 ||| FLEEEEING.
  3130 | D:5      | 3130 ||| FLEEEEING.
  3131 | D:5      | 3131 ||| FLEEEEING.
  3134 | D:5      | 3134 ||| FLEEEEING.
  3135 | D:5      | 3135 ||| FLEEEEING.
  3136 | D:5      | 3136 ||| FLEEEEING.
  3137 | D:5      | 3137 ||| FLEEEEING.
  3138 | D:5      | 3138 ||| FLEEEEING.
  3139 | D:5      | 3139 ||| FLEEEEING.
  3140 | D:5      | 3140 ||| FLEEEEING.
  3141 | D:5      | 3141 ||| FLEEEEING.
  3147 | D:5      | 3147 ||| STAIRDANCE
  3356 | D:5      | 3356 ||| DRINKING 2 metallic golden potions.
  3374 | D:5      | 3374 ||| DROPPING potion of lignification.
  3493 | D:5      | Noticed Prince Ribbit
  3494 | D:5      | 3494 ||| ZAPPING wand of quicksilver (4) at 6,-6 (Prince
                  | Ribbit; floor).
  3495 | D:5      | 3495 ||| RETREEEEATING.
  3495 | D:5      | Noticed a gargoyle
  3496 | D:5      | 3496 ||| RETREEEEATING.
  3497 | D:5      | 3497 ||| RETREEEEATING.
  3500 | D:5      | 3500 ||| ZAPPING wand of quicksilver (3) at 2,-1 (Prince
                  | Ribbit; floor).
  3501 | D:5      | 3501 ||| ZAPPING wand of quicksilver (2) at 1,-1 (Prince
                  | Ribbit; floor).
  3502 | D:5      | 3502 ||| ZAPPING wand of quicksilver (1) at 1,-1 (Prince
                  | Ribbit; floor).
  3506 | D:5      | Killed a gargoyle
  3507 | D:5      | Reached skill level 9 in Dodging
  3507 | D:5      | Reached XP level 8. HP: 13/39 MP: 9/9
  3507 | D:5      | 3507 ||| FLEEEEING.
  3509 | D:5      | 3509 ||| FLEEEEING.
  3512 | D:5      | 3512 ||| FLEEEEING.
  3513 | D:5      | 3513 ||| FLEEEEING.
  3514 | D:5      | 3514 ||| FLEEEEING.
  3515 | D:5      | 3515 ||| STAIRDANCE
  3610 | D:5      | Killed Prince Ribbit
  3611 | D:5      | Reached skill level 3 in Fighting
  3611 | D:5      | 3611 ||| STAIRDANCE
  3646 | D:5      | 3646 ||| STAIRDANCE
  3685 | D:5      | Noticed an unseen horror
  3729 | D:5      | Killed an unseen horror
  3730 | D:5      | Reached skill level 9 in Ranged Weapons
  3838 | D:5      | Found an iron altar of Okawaru.
  3839 | D:5      | 3839 ||| PLANNING OKAWARU WORSHIP
  3839 | D:5      | 3839 ||| UPGRADING to +6 ring of dexterity.
  3847 | D:5      | Became a worshipper of Warmaster Okawaru
  3848 | D:5      | 3848 ||| PLANNING D:1-11
  3921 | D:6      | 3921 ||| STAIRDANCE
  3990 | D:6      | 3990 ||| STAIRDANCE
  4057 | D:6      | Reached skill level 10 in Dodging
  4116 | D:6      | Noticed Eustachio
  4119 | D:6      | 4119 ||| RETREEEEATING.
  4120 | D:6      | 4120 ||| RETREEEEATING.
  4121 | D:6      | 4121 ||| RETREEEEATING.
  4122 | D:6      | 4122 ||| RETREEEEATING.
  4123 | D:6      | 4123 ||| RETREEEEATING.
  4136 | D:6      | 4136 ||| RETREEEEATING.
  4137 | D:6      | 4137 ||| RETREEEEATING.
  4138 | D:6      | 4138 ||| RETREEEEATING.
  4139 | D:6      | 4139 ||| RETREEEEATING.
  4140 | D:6      | 4140 ||| RETREEEEATING.
  4141 | D:6      | 4141 ||| RETREEEEATING.
  4142 | D:6      | 4142 ||| RETREEEEATING.
  4145 | D:6      | HP: 9/40 [white imp/puff of frost[Eustachio] (6)]
  4145 | D:6      | Slain by a wight

Levels and vault maps discovered:
D:1:      roderic_octagonal_star, layout_basic, chequers_hall_statues_wall_a,
          minmay_pentomino_x4
D:2:      layout_loops_ring, minmay_misc_feat_square, grunt_decor_arrowhead
D:3:      layout_loops_ring, led_sif_pool, bloody_makhleb,
          grunt_temple_overflow_diamond, nicolae_ecumenical_snake_handling
D:4:      black_bear_nest_1, layout_basic, grunt_ministairs_8,
          minmay_misc_feat_columns
D:5:      kennysheep_big_flooded_room, layout_loops_ring,
          mainiacjoe_overflow_alcove_1, minmay_shop_damaged, grunt_ministairs_2,
          kennysheep_donut, uniq_prince_ribbit1
D:6:      layout_gridville, general_overflow_altar, minmay_temple_entry_trees,
          lemuel_flame_loot_1, uniq_eustachio

Skill      XL: |  1  2  3  4  5  6  7  8 |
---------------+-------------------------+-----
Dodging        | 3 4 5 6 9 10 | 10.3
Ranged Weapons | 5 6 7 8 9 |  9.0
Fighting       | 2 3 |  3.2
Stealth        | |  1.5

Action                     |  1- 3 |  4- 6 |  7- 9 || total
---------------------------+-------+-------+-------++-------
   Fire: Shortbow          |    85 |   155 |     9 ||   249
         Hand cannon       |       |       |    77 ||    77
  Evoke: Wand              |       |     6 |     4 ||    10
    Use: Scroll            |     4 |    12 |       ||    16
         Potion            |       |     2 |     1 ||     3
 Armour: Robe              |    12 |     9 |    24 ||    45
  Dodge: Dodged            |    54 |    64 |    77 ||   195

Table legend:
 A = Non-vault XP
 B = Vault XP
 C = Vault XP percentage of total XP
 D = Non-vault monster count
 E = Vault monster count
 F = Vault count percentage of total count
                 A         B        C        D         E       F
            +---------+---------+-------+---------+---------+-------
      Total |    1510 |    1181 |  43.9 |     107 |      13 |  10.8
            +---------+---------+-------+---------+---------+-------
        D:1 |      32 |       2 |   5.9 |      20 |       2 |   9.1
        D:2 |      85 |       0 |   0.0 |      20 |       0 |   0.0
        D:3 |      44 |       4 |   8.3 |      13 |       3 |  18.8
        D:4 |     334 |     138 |  29.2 |      27 |       3 |  10.0
        D:5 |     836 |    1037 |  55.4 |      20 |       5 |  20.0
        D:6 |     179 |       0 |   0.0 |       7 |       0 |   0.0
            +---------+---------+-------+---------+---------+-------
